 Dungeon Crawl Stone Soup version 0.25.1-2-g60ff931df9 (webtiles) character file.

Game seed: 14049441003704259481

310 DoubleLucky the Magician (level 6, -5/32 HPs)
             Began as a Deep Elf Venom Mage on Sept 30, 2020.
             Slain by a phantom (8 damage)
             ... on level 3 of the Dungeon.
             The game lasted 00:11:21 (3458 turns).

DoubleLucky the Magician (Deep Elf Venom Mage)      Turns: 3458, Time: 00:11:22

Health: -5/32      AC:  2    Str:  5    XL:     6   Next: 17%
Magic:  8/16       EV: 13    Int: 22    God:
Gold:   214        SH:  0    Dex: 15    Spells: 13/16 levels left

rFire    . . .     SeeInvis .   l - +0 dagger
rCold    . . .     Gourm    .   (no shield)
rNeg     . . .     Faith    .   a - +0 robe
rPois    .         Spirit   .   (no helmet)
rElec    .         Reflect  .   (no cloak)
rCorr    .         Harm     .   (no gloves)
MR       .....                  (no boots)
Stlth    ++........             (no amulet)
HPRegen  0.10/turn              (no ring)
MPRegen  0.15/turn              (no ring)

@: no status effects
A: no striking features
a: no special abilities


You were on level 3 of the Dungeon.
You were not hungry.

You visited 1 branch of the dungeon, and saw 3 of its levels.

You collected 214 gold pieces.

Inventory:

Hand Weapons
 l - a +0 dagger (weapon)
Missiles
 g - 34 stones (quivered)
Armour
 a - a +0 robe (worn)
 o - a +0 leather armour
Jewellery
 d - an uncursed amulet of the acrobat {unknown}
 f - an uncursed ring of stealth {unknown}
Scrolls
 b - 6 scrolls of identify {unknown}
 e - 3 scrolls of remove curse {unknown}
 i - a scroll of teleportation {unknown}
 p - a scroll of immolation {unknown}
 q - 2 scrolls of enchant armour {unknown}
Potions
 h - 2 potions of flight {unknown}
 j - 2 potions of curing {unknown}
 k - a potion of stabbing {unknown}
 m - a potion of mutation {unknown}
 n - a potion of heal wounds {unknown}
Comestibles
 c - 3 rations
 r - 2 chunks of flesh


   Skills:
 - Level 2.4 Dodging
 - Level 2.4 Stealth
 + Level 5.5 Spellcasting
 + Level 4.0 Transmutations
 + Level 5.2 Poison Magic


You had 13 spell levels left.
You knew the following spells:

 Your Spells              Type           Power        Failure   Level  Hunger
a - Sting                 Tmut/Pois      ####         1%          1    None
b - Poisonous Vapours     Pois/Air       ###...       4%          2    None

Your spell library contained the following spells:

 Spells                   Type           Power        Failure   Level  Hunger
 Ignite Poison            Fire/Tmut/Pois ###.....     9%          3    ##.....
 Olgreb's Toxic Radiance  Pois           ####....     11%         4    ####...
 Mephitic Cloud           Conj/Pois/Air  ##......     14%         3    ##.....


Dungeon Overview and Level Annotations

Branches:
Dungeon (3/15)

Altars:


Message History

Aiming: Sting (safe; 1% risk of failure)
Press: ? - help, Shift-Dir - straight line, f/p - phantom
Aim: a phantom (lightly damaged)
The sting hits the phantom.
The phantom partially resists.
The phantom is lightly damaged.
The phantom hits you.
* * * LOW HITPOINT WARNING * * *
The phantom blinks!
Casting: Sting (safe; 1% risk of failure)
Confirm with . or Enter, or press ? or * to list all spells.
You can't see any susceptible monsters within range! (Use Z to cast anyway.)
The phantom blinks!
You hit the phantom but do no damage.
The phantom is lightly damaged.
The phantom hits you.
* * * LOW HITPOINT WARNING * * *
You closely miss the phantom.
The phantom is lightly damaged.
The phantom hits you!
You die...

##............#########
####...###.###
##...###.# #.
#.[.....#. #.#
#.#.####.## #.# #.#.#
#..#### #.# #.#.#
#....###+# #.# #.#W#
#.##.....# #W# #.#@#
#.######## #
#.######.#.# #†#
#.##.......÷#.#####.#
#.#....####...........#
#...........<...#######
#################


You could see a phantom.

Vanquished Creatures
  A scorpion (D:2)
  A crimson imp (D:3)
  Terence (D:2)
  Natasha (twice) (D:3)
  4 gnolls (D:3)
  4 adders
  2 worms (D:2)
  4 dart slugs
  A leopard gecko (D:2)
  A giant cockroach (D:2)
  8 goblins
  8 hobgoblins
  7 jackals
  11 kobolds
  A quokka (D:2)
  5 bats
  5 frilled lizards
  3 rats
69 creatures vanquished.

Vanquished Creatures (others)
  5 toadstools (D:1)
5 creatures vanquished.

Grand Total: 74 creatures vanquished

Notes
Turn   | Place    | Note
-------+----------+-------------------------------------------
     0 | D:1      | DoubleLucky the Deep Elf Venom Mage began the quest for the
                  | Orb.
     0 | D:1      | Reached XP level 1. HP: 10/10 MP: 6/6
   268 | D:1      | Reached XP level 2. HP: 12/15 MP: 2/8
   887 | D:1      | Reached XP level 3. HP: 19/19 MP: 7/10
  1704 | D:2      | Noticed a scorpion
  1712 | D:2      | Killed a scorpion
  1712 | D:2      | Reached XP level 4. HP: 24/24 MP: 9/12
  1716 | D:2      | Learned a level 2 spell: Poisonous Vapours
  2477 | D:2      | Noticed Terence
  2499 | D:2      | Killed Terence
  2499 | D:2      | Reached XP level 5. HP: 28/28 MP: 5/14
  2922 | D:3      | Noticed Natasha
  2928 | D:3      | Reached skill level 5 in Spellcasting
  2937 | D:3      | Killed Natasha
  3100 | D:3      | Reached skill level 5 in Poison Magic
  3151 | D:3      | Reached XP level 6. HP: 31/32 MP: 3/16
  3290 | D:3      | Noticed Natasha
  3293 | D:3      | Killed Natasha
  3458 | D:3      | Slain by a phantom

Illustrated notes

Levels and vault maps discovered:
D:1:      ldierk_walled_garden, layout_basic, dk_noncrumbling_4
D:2:      layout_basic, nicolae_overflow_hidden_temple, first_ration,
          minivault_19, uniq_terence
D:3:      layout_loops_ring, gammafunk_temple_overflow_pools, uniq_natasha

Skill      XL: |  1  2  3  4  5  6 |
---------------+-------------------+-----
Transmutations | 2 3 4 |  4.0
Spellcasting   | 4 5 |  5.5
Poison Magic   | 4 5 |  5.2
Dodging        | |  2.4
Stealth        | |  2.4

Action                   |  1- 3 |  4- 6 || total
-------------------------+-------+-------++-------
Melee: Dagger            |       |     6 ||     6
 Cast: Sting             |    63 |    48 ||   111
       Poisonous Vapours |       |    41 ||    41
  Eat: Chunk             |     2 |     6 ||     8
Armor: Robe              |     2 |     2 ||     4
Dodge: Dodged            |    18 |    20 ||    38
